 Dungeon Sprint DCSS version 0.29-a0-838-g385bb11a5b (webtiles) character file.

Game seed: 9319334587236304521

592 purpskrrrp the Covert (level 7, -1/35 HPs)
             Began as a Vine Stalker Enchanter on July 13, 2022.
             Was an Initiate of Jiyva.
             Slain by a skeletal warrior
             ... wielding a +0 halberd
              (11 damage)
             ... in the Dungeon (Sprint IX: "|||||||||||||||||||||||||||||").
             The game lasted 00:07:28 (341 turns).

purpskrrrp the Covert (Vine Stalker Enchanter)       Turns: 341, Time: 00:07:29

Health: -1/35      AC:  9    Str: 14    XL:     7   Next: 39%
Magic:  0/14       EV: 14    Int: 15    God:    Jiyva [......]
Gold:   0          SH:  0    Dex: 16    Spells: 11/14 levels left

rFire   . . .      SeeInvis .   j - +2 rapier (venom)
rCold   . . .      Faith    .   (no shield)
rNeg    . . .      Spirit   +   n - +2 ring mail
rPois   .          Reflect  .   l - +0 helmet
rElec   .          Harm     .   (no cloak)
rCorr   .          Rampage  .   m - +0 pair of gloves
Will    .....      NoTele   +   (no boots)
Stlth   +++++.....              (no amulet)
HPRegen 0.91/turn               o - +3 ring of strength
MPRegen 0.14/turn               p - +2 ring of evasion

@: no status effects
A: fangs 2, regeneration 1, magic shield, antimagic bite, no potion heal 2
a: Renounce Religion


You were in the Dungeon.
You worshipped Jiyva.
Jiyva was noncommittal.
You visited 1 branch

Inventory:

Hand Weapons
 a - a +1 dagger
 j - a +2 rapier of venom (weapon)
 k - a +2 scimitar of holy wrath
Missiles
 q - 9 poisoned darts
Armour
 b - a +0 robe
 l - a +0 helmet (worn)
 m - a +0 pair of gloves (worn)
 n - a +2 ring mail (worn)
Jewellery
 o - a +3 ring of strength (left hand)
 p - a +2 ring of evasion (right hand)
Wands
 i - a wand of light (6) (quivered)
Scrolls
 e - 2 scrolls of amnesia
 h - a scroll of blinking
Potions
 c - a potion of invisibility
 d - 5 potions of curing
 f - 4 potions of magic
 g - a potion of berserk rage


   Skills:
 + Level 2.0 Fighting
 * Level 6.0 Short Blades
 + Level 0.2 Armour
 + Level 3.5 Dodging
 * Level 14.6 Stealth
 + Level 4.3 Spellcasting
 + Level 6.6 Hexes
 + Level 0.7 Evocations


You had 11 spell levels left.
You knew the following spells:

 Your Spells              Type           Power      Damage    Failure   Level
a - Dazzling Flash        Conj/Hex       26%        N/A       28%         3

Your spell library contained the following spells:

 Spells                   Type           Power      Damage    Failure   Level
 Confusing Touch          Hex            23%        N/A       7%          3
 Tukima's Dance           Hex            23%        N/A       7%          3
 Ensorcelled Hibernation  Hex/Ice        26%        N/A       14%         2


Dungeon Overview and Level Annotations

Branches:
Dungeon (1/1)

Altars:
Cheibriados
Dithmenos
Elyvilon
Fedhas
Gozag
Hepliaklqana
Kikubaaqudgha
Makhleb
Nemelex Xobeh
Okawaru
Qazlal
Ru
Sif Muna
Trog
Uskayaw
Vehumet
Wu Jian
Xom
Yredelemnul
Zin
The Shining One
Jiyva
Lugonu


Innate Abilities, Weirdness & Mutations

You have extremely sharp teeth.
Your natural rate of healing is unusually fast.
When hurt, damage is shared between your health and your magic reserves.
Your bite disrupts and absorbs the magic of your enemies.
Potions cannot restore your health.


Message History

The skeletal warrior is severely damaged.
The vampire mosquito buzzes angrily.
The skeletal warrior is no longer blind.
The skeletal warrior barely misses you.
You hit the skeletal warrior but do no damage.
The skeletal warrior is heavily damaged.
The troll is no longer blind.
The skeletal warrior completely misses you.
You closely miss the skeletal warrior. Your bite misses the skeletal warrior.
The skeletal warrior is heavily damaged.
The skeletal warrior hits you with a +0 halberd.
You hit the skeletal warrior but do no damage.
Your bite misses the skeletal warrior.
The skeletal warrior is heavily damaged.
The skeletal warrior closely misses you.
You closely miss the skeletal warrior.
You bite the skeletal warrior, but do no damage.
The skeletal warrior is heavily damaged.
You hit the skeletal warrior.
The skeletal warrior is severely damaged.
The skeletal warrior barely misses you.
You puncture the skeletal warrior!
You bite the skeletal warrior, but do no damage.
The skeletal warrior is severely damaged.
The skeletal warrior hits you with a +0 halberd!!
You hit the skeletal warrior but do no damage.
You bite the skeletal warrior, but do no damage.
The skeletal warrior is severely damaged.
The gargoyle is no longer blind.
The skeletal warrior hits you with a +0 halberd!
You closely miss the skeletal warrior. Your bite misses the skeletal warrior.
The skeletal warrior is severely damaged.
The skeletal warrior barely misses you.
You hit the skeletal warrior but do no damage.
You bite the skeletal warrior, but do no damage.
The skeletal warrior is severely damaged.
The skeletal warrior hits you with a +0 halberd.
* * * LOW HITPOINT WARNING * * *
The skeletal warrior hits you from afar with a +0 halberd!
You die... ▓▓▓▓▓▓▓▓▓▓▓▓▓▓▓▓▓▓▓▓▓▓▓▓▓ +QTy9Dz'@..).))......).!' ▓▓▓▓▓▓▓▓▓▓▓▓▓▓▓▓▓▓▓▓▓▓▓▓▓

You could see a six-headed hydra, a skeletal warrior, a tengu warrior, a troll, a vampire mosquito (wandering, blind) and a gargoyle.

Vanquished Creatures
  A steam dragon (D)
  An orc warrior (D)
  An ogre (D)
  A centaur (D)
  2 kobold brigands (D)
  A killer bee (D)
  A hound (D)
  An iguana (D)
  A gnoll (D)
  A dart slug (D)
  An endoplasm (D)
  2 bats (D)
  2 rats (D)
16 creatures vanquished.

Vanquished Creatures (others)
  2 slime creatures (D)
2 creatures vanquished.

Grand Total: 18 creatures vanquished

Notes
Turn   | Place    | Note
-------+----------+-------------------------------------------
     0 | D        | purpskrrrp the Vine Stalker Enchanter began the quest for
                  | the Orb.
     0 | D        | Reached XP level 1. HP: 9/9 MP: 4/4
     6 | D        | Reached skill level 1 in Short Blades
    13 | D        | Reached skill level 4 in Stealth
    22 | D        | Reached skill level 5 in Stealth
   136 | D        | Noticed a hound
   136 | D        | Noticed an iguana
   136 | D        | Noticed an ogre
   141 | D        | Reached skill level 6 in Stealth
   141 | D        | Reached XP level 2. HP: 7/13 MP: 4/6
   145 | D        | Killed an ogre
   146 | D        | Reached skill level 9 in Stealth
   146 | D        | Reached XP level 3. HP: 9/16 MP: 6/8
   146 | D        | Gained mutation: Your natural rate of healing is unusually
                  | fast. [Vine Stalker growth]
   146 | D        | Reached XP level 4. HP: 12/21 MP: 6/9
   164 | D        | Reached skill level 10 in Stealth
   164 | D        | Reached skill level 5 in Hexes
   164 | D        | Reached XP level 5. HP: 13/25 MP: 2/10
   186 | D        | Found a snail-covered altar of Cheibriados.
   186 | D        | Found a shadowy altar of Dithmenos.
   186 | D        | Found a white marble altar of Elyvilon.
   186 | D        | Found a blossoming altar of Fedhas.
   186 | D        | Found an opulent altar of Gozag.
   187 | D        | Found a hazy altar of Hepliaklqana.
   188 | D        | Found a viscous altar of Jiyva.
   189 | D        | Found an ancient bone altar of Kikubaaqudgha.
   190 | D        | Found a corrupted altar of Lugonu.
   191 | D        | Found a burning altar of Makhleb.
   192 | D        | Found a sparkling altar of Nemelex Xobeh.
   193 | D        | Found an iron altar of Okawaru.
   194 | D        | Found a stormy altar of Qazlal.
   195 | D        | Found a sacrificial altar of Ru.
   196 | D        | Became a worshipper of Jiyva Jouwiq the Shapeless
   197 | D        | Found a shimmering blue altar of Sif Muna.
   198 | D        | Found a bloodstained altar of Trog.
   198 | D        | Killed a slime creature
   199 | D        | Found a hide-covered altar of Uskayaw.
   200 | D        | Found a radiant altar of Vehumet.
   201 | D        | Found an ornate altar of the Wu Jian Council.
   202 | D        | Found a shimmering altar of Xom.
   203 | D        | Found a basalt altar of Yredelemnul.
   203 | D        | Killed a slime creature
   204 | D        | Found a glowing silver altar of Zin.
   205 | D        | Found a glowing golden altar of the Shining One.
   278 | D        | Learned a level 3 spell: Dazzling Flash
   282 | D        | Noticed a kobold brigand
   282 | D        | Noticed a steam dragon
   282 | D        | Noticed a centaur
   282 | D        | Noticed an orc warrior
   282 | D        | Noticed a kobold brigand
   284 | D        | Killed an orc warrior
   284 | D        | Killed a centaur
   285 | D        | Reached skill level 1 in Fighting
   285 | D        | Reached skill level 12 in Stealth
   285 | D        | Reached XP level 6. HP: 30/30 MP: 12/12
   286 | D        | Reached skill level 13 in Stealth
   288 | D        | Reached skill level 5 in Short Blades
   293 | D        | Killed a steam dragon
   294 | D        | Reached skill level 14 in Stealth
   294 | D        | Reached XP level 7. HP: 13/34 MP: 9/14
   322 | D        | Noticed a tengu warrior
   322 | D        | Noticed a six-headed hydra
   322 | D        | Noticed a troll
   322 | D        | Noticed a vampire mosquito
   322 | D        | Noticed a gargoyle
   322 | D        | Noticed a skeletal warrior
   341 | D        | Slain by a skeletal warrior

Illustrated notes

Levels and vault maps discovered:
D:        linesprint [early_d, line_temple, items_1, d_10, items_2, lair_1,
          lair_end, items_3, orc_1, orc_end, items_4, d_15, swamp_1, shoals_1,
          snake_1, spider_1, d_20, vaults_1, items_5, swamp_end, shoals_end,
          snake_end, spider_end, vaults_end, d_27, items_6, zot_1, zot_end,
          crypt_end, forest_end, elf_end, slime_end, tomb_end, abyss_end,
          pan_hell_end]

Skill      XL: |  1  2  3  4  5  6  7 |
---------------+----------------------+-----
Short Blades   | 1 2 3 4 5 6 |  6.0
Stealth        | 6 9 10 12 14 | 14.6
Dodging        | 2 3 |  3.5
Spellcasting   | 3 4 |  4.3
Hexes          | 4 5 6 |  6.6
Fighting       | 1 2 |  2.0
Armour         | |  0.2
Evocations     | |  0.7

Action                   |  1- 3 |  4- 6 |  7- 9 || total
-------------------------+-------+-------+-------++-------
Melee: Dagger            |    21 |    19 |       ||    40
       Bite              |     5 |    10 |    11 ||    26
       Rapier            |       |     6 |    23 ||    29
       Punch             |       |     1 |       ||     1
Evoke: Wand              |       |     3 |     1 ||     4
  Use: Potion            |     1 |     2 |       ||     3
       Scroll            |       |     1 |       ||     1
 Stab: Invisible         |     4 |     2 |     1 ||     7
       Sleeping          |     1 |       |       ||     1
Armor: Robe              |     4 |     2 |       ||     6
       Ring mail         |       |     2 |     1 ||     3
Dodge: Dodged            |     6 |    12 |    11 ||    29

Table legend: (Time is in decaauts)
 A = Elapsed time spent in this place.
 B = Non-inter-level travel time spent in this place.
 C = Inter-level travel time spent in this place.
 D = Time resting spent in this place.
 E = Time spent auto-exploring this place.
 F = Levels seen in this place.
 G = Mean time per level.
                   A        B        C        D        E       F      G
               +--------+--------+--------+--------+--------+-----+--------+
         Total |    314 |    314 |      0 |    122 |      0 |   1 |  314.0 |
       Dungeon |    314 |    314 |      0 |    122 |      0 |   1 |  314.0 |
               +--------+--------+--------+--------+--------+-----+--------+

Top non-repeatable levels by time:
       D: 314 daAuts
